 Dungeon Crawl Stone Soup version 0.30-a0-989-g0d87f670db (webtiles) character file.

Game seed: 2865005140927732073

977 Jeffwins the Firebug (level 8, -5/58 HPs)
             Began as a Human Wanderer on Apr 3, 2023.
             Slain by an iguana (11 damage)
             ... on level 5 of the Dungeon.
             The game lasted 00:05:32 (4821 turns).

Jeffwins the Firebug (Human Wanderer)               Turns: 4821, Time: 00:05:32

Health: -5/58      AC:  6    Str: 14    XL:     8   Next: 40%
Magic:  0/13       EV: 11    Int: 16    God:
Gold:   173        SH:  0    Dex: 10    Spells: 8/14 levels left

rFire   . . .      SeeInvis .    s - +2 short sword (venom)
rCold   . . .      Faith    .    (no shield)
rNeg    . . .      Spirit   .    c - +0 leather armour
rPois   .          Reflect  .    (no helmet)
rElec   .          Rampage  .    h - +0 cloak
rCorr   .                        (no gloves)
Will    .....                    f - +1 pair of boots
Stlth   ++                       (no amulet)
HPRegen 0.29/turn                (no ring)
MPRegen 0.13/turn                (no ring)

@: no status effects
A: no striking features
a: no special abilities


You were on level 5 of the Dungeon.
You visited 1 branch of the dungeon, and saw 5 of its levels.

You collected 173 gold pieces.


   Skills:
 + Level 3.2 Fighting
 + Level 1.6 Throwing
 + Level 2.8 Stealth
 * Level 3.6 Spellcasting
 * Level 3.7 Conjurations
 * Level 5.7 Fire Magic
 + Level 3.8 Air Magic
 + Level 1.9 Poison Magic
 + Level 1.4 Evocations


You had 8 spell levels left.
You knew the following spells:

 Your Spells              Type           Power      Damage    Failure   Level
m - Mephitic Cloud        Conj/Pois/Air  12%        N/A       19%         3
x - Scorch                Fire           42%        2d7       3%          2
z - Foxfire               Conj/Fire      72%        2x1d4     3%          1

Your spell library contained the following spells:

 Spells                   Type           Power      Damage    Failure   Level
 Magic Dart               Conj           56%        1d5       4%          1
 Shock                    Conj/Air       56%        1d6       4%          1
 Poisonous Vapours        Pois/Air       24%        N/A       11%         2
 Cigotuvi's Dreadful Rot  Necr/Pois/Air  16%        N/A       16%         2
 Momentum Strike          Conj/Tloc      16%        3d8       16%         2
 Vhi's Electric Charge    Tloc/Air       16%        N/A       30%         3
 Sticky Flame             Conj/Fire      18%        2d4       30%         4
 Blink                    Tloc           4%         N/A       34%         2
 Call Imp                 Summ           2%         N/A       34%         2
 Lesser Beckoning         Tloc           4%         N/A       34%         2

Inventory:

Hand Weapons
 a - the +1 short sword of the Arena {flame, rElec rPois Will+}
   (You found it on level 2 of the Dungeon)

   rElec:     It insulates you from electricity.
   rPois:     It protects you from poison.
   Will:      It increases your willpower.
 q - a +3 mace
 s - a +2 short sword of venom (weapon)
 u - a +2 dire flail of holy wrath
Missiles
 t - 4 poisoned darts (quivered)
Armour
 c - a +0 leather armour (worn)
 f - a +1 pair of boots (worn)
 h - a +0 cloak (worn)
 o - a +0 hat
 w - an orb of energy
Wands
 m - a wand of light (4)
 r - a wand of polymorph (13)
Scrolls
 b - 2 scrolls of butterflies
 d - a scroll of fog
 g - 6 scrolls of identify {unknown}
 i - a scroll of enchant armour {unknown}
 k - 3 scrolls of enchant weapon {unknown}
 n - 2 scrolls of vulnerability {unknown}
 p - a scroll of magic mapping {unknown}
 v - a scroll of teleportation {unknown}
 y - a scroll of amnesia {unknown}
Potions
 e - 2 potions of degeneration {unknown}
 j - 4 potions of curing {@q1}
 l - a potion of lignification {unknown}
 x - a potion of cancellation {unknown}

Dungeon Overview and Level Annotations

Branches:
Dungeon (5/15)
 Temple: D:4-7

Altars:
Fedhas
Makhleb
Wu Jian

▒▒▒ ..▒ ▒▒ ▒.▒
▒▒.▒ ▒.▒
..▒...▒▒.▒▒▒▒▒▒▒▒
................▒
......l@.▒▒▒▒▒▒.▒
.........▒ ▒.▒
▒.▒...▒▒▒▒ ▒.▒
▒▒.▒ ▒.▒ ▒O
▒.▒▒▒▒▒ ▒▒'▒
▒.▒...▒ ▒▒...▒▒
▒.....▒ ▒▒.....▒▒
▒▒▒▒...▒
▒▒.......▒▒
▒▒.▒▒▒.▒▒


You could see an ogre (wandering) and an iguana (combustible).


Message History

Your +2 short sword of venom begins to drip with poison!
s - a +2 short sword of venom (weapon)
The iguana is no longer more vulnerable to fire.
You barely miss the iguana.
The iguana is severely wounded.
The iguana misses you.
You closely miss the iguana.
The iguana is severely wounded.
The iguana barely misses you.
You barely miss the iguana.
The iguana is severely wounded.
The iguana bites you!
* * * LOW HITPOINT WARNING * * *
Unknown command.
You barely miss the iguana.
The iguana is severely wounded.
The iguana bites you!
* * * LOW HITPOINT WARNING * * *
Casting: Scorch (safe; 3% risk of failure)
Confirm with . or Enter, or press ? or * to list all spells.
Flames lash the iguana.
The iguana is almost dead.
The iguana's fire resistance burns away.
The iguana bites you.
* * * LOW HITPOINT WARNING * * *
Unknown command.
You closely miss the iguana.
The iguana is almost dead.
The iguana bites you!
You die...

Skill      XL: |  1  2  3  4  5  6  7 |
---------------+----------------------+-----
Conjurations   | 1 2 3 |  3.7
Stealth        | 1 2 |  2.8
Spellcasting   | 2 3 |  3.6
Fire Magic     | 5 |  5.7
Poison Magic   | 1 |  1.9
Fighting       | 3 |  3.2
Evocations     | 1 |  1.4
Throwing       | 1 |  1.6
Air Magic      | |  3.8

Action                     |  1- 3 |  4- 6 |  7- 9 || total
---------------------------+-------+-------+-------++-------
  Melee: Club              |     8 |       |       ||     8
         Spear             |    38 |    31 |       ||    69
         Punch             |       |     2 |     1 ||     3
         Short sword       |       |    15 |    26 ||    41
   Cast: Foxfire           |    18 |    36 |     6 ||    60
         Scorch            |     2 |    32 |    39 ||    73
   Stab: Sleeping          |       |     4 |       ||     4
 Armour: Leather armour    |    16 |    10 |    13 ||    39
  Dodge: Dodged            |    26 |    22 |    22 ||    70

Levels and vault maps discovered:
D:1:      spicycebolla_arrival_clurvy, layout_rooms,
          chequers_ecumenical_altar_simple, minmay_tall_x
D:2:      minmay_chambers_of_ones, layout_basic, serial_forest,
          infiniplex_forest_pool, infiniplex_forest_clump_cross,
          infiniplex_forest_straight_4, infiniplex_forest_clump_diagonal,
          infiniplex_forest_lined_room_2, infiniplex_forest_3_way,
          infiniplex_forest_clump_double, infiniplex_forest_straight_2,
          basic_altar, minmay_pentomino_q2, uniq_crazy_yiuf_cottage
D:3:      layout_basic, nzn_wu_jian_contemplation, minmay_misc_feat_cross
D:4:      layout_rooms, general_overflow_altar, uniq_blork_the_orc
D:5:      layout_loops_corners, ebering_dispersal_statue_hall, uniq_sigmund,
          uniq_prince_ribbit1

Notes
Turn   | Place    | Note
-------+----------+-------------------------------------------
     0 | D:1      | Jeffwins the Human Wanderer began the quest for the Orb.
     0 | D:1      | Jeffwins set off with the following items: a +0 club, a
                  | scroll of butterflies, a +0 leather armour, a scroll of
                  | fog; and the following spells available to memorise:
                  | Scorch, Foxfire, Shock, Vhi's Electric Charge, Sticky
                  | Flame.
     0 | D:1      | Reached XP level 1. HP: 16/16 MP: 2/2
     6 | D:1      | Learned a level 1 spell: Foxfire
    48 | D:1      | Found a faded altar of an unknown god.
   237 | D:1      | Reached XP level 2. HP: 22/22 MP: 0/3
   521 | D:2      | Reached XP level 3. HP: 27/27 MP: 1/5
   584 | D:2      | Reached skill level 1 in Conjurations
   633 | D:2      | Learned a level 2 spell: Scorch
   759 | D:2      | Reached skill level 1 in Stealth
   759 | D:2      | Reached XP level 4. HP: 6/34 MP: 0/6
   762 | D:2      | HP: 3/34 [poisoned by an adder]
  1096 | D:2      | Found a blossoming altar of Fedhas.
  1264 | D:2      | Reached skill level 2 in Spellcasting
  1264 | D:2      | Reached skill level 2 in Conjurations
  1264 | D:2      | Reached XP level 5. HP: 38/39 MP: 1/8
  1268 | D:2      | Learned a level 3 spell: Mephitic Cloud
  1596 | D:2      | Found a runed translucent door.
  1597 | D:2      | Noticed Crazy Yiuf
  1825 | D:2      | Identified the +1 short sword of the Arena {flame, rElec
                  | rPois Will+}
  1934 | D:2      | Killed Crazy Yiuf
  2470 | D:3      | Found an ornate altar of the Wu Jian Council.
  2654 | D:3      | Reached XP level 6. HP: 46/46 MP: 1/9
  3204 | D:4      | Reached skill level 5 in Fire Magic
  3419 | D:4      | Reached skill level 2 in Stealth
  3423 | D:4      | Noticed Blork the orc
  3497 | D:4      | Killed Blork the orc
  3498 | D:4      | Reached skill level 1 in Poison Magic
  3498 | D:4      | Reached XP level 7. HP: 51/51 MP: 1/11
  3672 | D:4      | Reached skill level 3 in Conjurations
  3789 | D:4      | Found a burning altar of Makhleb.
  3994 | D:5      | Entered Level 5 of the Dungeon
  4050 | D:5      | Noticed a steam dragon
  4060 | D:5      | Killed a steam dragon
  4061 | D:5      | Reached skill level 3 in Fighting
  4061 | D:5      | Reached skill level 3 in Spellcasting
  4341 | D:5      | Reached skill level 1 in Evocations
  4344 | D:5      | Reached skill level 1 in Throwing
  4446 | D:5      | Reached XP level 8. HP: 58/58 MP: 9/12
  4790 | D:5      | Noticed Prince Ribbit
  4796 | D:5      | Killed Prince Ribbit
  4821 | D:5      | Slain by an iguana

Vanquished Creatures
  Prince Ribbit (D:5)
  A steam dragon (D:5)
  A phantom (D:4)
  Blork the orc (D:4)
  2 scorpions
  3 jellies
  2 hounds (D:5)
  Crazy Yiuf (D:2)
  An iguana (D:5)
  An orc wizard (D:3)
  6 adders
  2 white imps
  2 ufetubi
  3 worms
  2 dart slugs
  4 orcs (D:3)
  3 ball pythons (D:4)
  5 endoplasms
  3 giant cockroaches
  6 goblins
  3 hobgoblins
  3 quokkas
  3 bats
  4 frilled lizards
  3 kobolds
  5 rats
71 creatures vanquished.

Vanquished Creatures (collateral kills)
  3 foxfires (D:2)
3 creatures vanquished.

Vanquished Creatures (others)
  107 foxfires
107 creatures vanquished.

Grand Total: 181 creatures vanquished

Table legend: (Time is in decaauts)
 A = Elapsed time spent in this place.
 B = Non-inter-level travel time spent in this place.
 C = Inter-level travel time spent in this place.
 D = Time resting spent in this place.
 E = Time spent auto-exploring this place.
 F = Levels seen in this place.
 G = Mean time per level.
                   A        B        C        D        E       F      G
               +--------+--------+--------+--------+--------+-----+--------+
         Total |   4827 |   4569 |    258 |     86 |   3888 |   5 |  965.4 |
       Dungeon |   4827 |   4569 |    258 |     86 |   3888 |   5 |  965.4 |
               +--------+--------+--------+--------+--------+-----+--------+

Top non-repeatable levels by time:
     D:2: 1642 daAuts
     D:4: 904 daAuts
     D:3: 890 daAuts
     D:5: 824 daAuts
     D:1: 566 daAuts

Table legend:
 A = Non-vault XP
 B = Vault XP
 C = Vault XP percentage of total XP
 D = Non-vault monster count
 E = Vault monster count
 F = Vault count percentage of total count
                 A         B        C        D         E       F
            +---------+---------+-------+---------+---------+-------
      Total |     949 |     448 |  32.1 |      58 |      13 |  18.3
            +---------+---------+-------+---------+---------+-------
        D:1 |       9 |       7 |  43.8 |       6 |       4 |  40.0
        D:2 |     137 |      62 |  31.2 |      19 |       7 |  26.9
        D:3 |      69 |       0 |   0.0 |       9 |       0 |   0.0
        D:4 |     280 |      96 |  25.5 |      14 |       1 |   6.7
        D:5 |     454 |     283 |  38.4 |      10 |       1 |   9.1
            +---------+---------+-------+---------+---------+-------
